Workbook
Name IMAGEM: Início!$A$2,Início!$B$2,Início!$C$2

Sheet Início
C3: #VALUE!
A20: Preencha somente as entradas e saídas do mês. Utilize seus extratos para conferência.
A23: Janeiro tem exemplos, mas você pode editar conforme a sua necessidade.

Sheet 1
A2: Fluxo de Caixa | F2: Resultado Líquido | G2: =D25-I25 -> 2013
A4: RECEITAS BRUTAS 01/2026 | F4: CUSTOS E DESPESAS 01/2026
A5: Item | B5: Cliente | C5: Comentário | D5: Valor | F5: Item | G5: Fornecedor | H5: Comentário | I5: Valor
A6: CLIENTE 1 | D6: 80 | F6: FORNECEDORES | I6: 600
A7: CLIENTE 2 | D7: 120 | F7: INTERNET | I7: 99
A8: CLIENTE 3 | D8: 120 | F8: LUZ | I8: 200
A9: CLIENTE 4 | D9: 80 | F9: SISTEMAS | I9: 30
A10: CLIENTE 5 | D10: 120 | F10: TELEFONE | I10: 30
A11: CLIENTE 1 | D11: 80 | F11: ASSESSORIA CONTÁBIL | I11: 89
A12: CLIENTE 2 | D12: 200 | F12: IMPOSTOS | I12: 79
A13: CLIENTE 3 | D13: 500 | F13: MARKETING | I13: 340
A14: CLIENTE 4 | D14: 80
A15: VENDA DE PRODUTO X | D15: 1200
A16: VENDA DE PRODUTO Y | D16: 900
A25: TOTAL MENSAL | D25: =SUM(D6:D24) -> 3480 | F25: TOTAL MENSAL | I25: =SUM(I6:I24) -> 1467

Sheet 2
A2: Fluxo de Caixa | F2: Resultado Líquido | G2: =D25-I25 -> 0
A4: RECEITAS BRUTAS 02/2026 | F4: CUSTOS E DESPESAS 02/2026
A5: Item | B5: Cliente | C5: Comentário | D5: Valor | F5: Item | G5: Fornecedor | H5: Comentário | I5: Valor
A25: TOTAL MENSAL | D25: =SUM(D6:D24) -> 0 | F25: TOTAL MENSAL | I25: =SUM(I6:I24) -> 0

Sheet 3
A2: Fluxo de Caixa | F2: Resultado Líquido | G2: =D25-I25 -> 0
A4: RECEITAS BRUTAS 03/2026 | F4: CUSTOS E DESPESAS 03/2026
A5: Item | B5: Cliente | C5: Comentário | D5: Valor | F5: Item | G5: Fornecedor | H5: Comentário | I5: Valor
A25: TOTAL MENSAL | D25: =SUM(D6:D24) -> 0 | F25: TOTAL MENSAL | I25: =SUM(I6:I24) -> 0

Sheet 4
A2: Fluxo de Caixa | F2: Resultado Líquido | G2: =D25-I25 -> 0
A4: RECEITAS BRUTAS 04/2026 | F4: CUSTOS E DESPESAS 04/2026
A5: Item | B5: Cliente | C5: Comentário | D5: Valor | F5: Item | G5: Fornecedor | H5: Comentário | I5: Valor
A25: TOTAL MENSAL | D25: =SUM(D6:D24) -> 0 | F25: TOTAL MENSAL | I25: =SUM(I6:I24) -> 0

Sheet 5
A2: Fluxo de Caixa | F2: Resultado Líquido | G2: =D25-I25 -> 0
A4: RECEITAS BRUTAS 05/2026 | F4: CUSTOS E DESPESAS 05/2026
A5: Item | B5: Cliente | C5: Comentário | D5: Valor | F5: Item | G5: Fornecedor | H5: Comentário | I5: Valor
A25: TOTAL MENSAL | D25: =SUM(D6:D24) -> 0 | F25: TOTAL MENSAL | I25: =SUM(I6:I24) -> 0

Sheet 6
A2: Fluxo de Caixa | F2: Resultado Líquido | G2: =D25-I25 -> 0
A4: RECEITAS BRUTAS 06/2026 | F4: CUSTOS E DESPESAS 06/2026
A5: Item | B5: Cliente | C5: Comentário | D5: Valor | F5: Item | G5: Fornecedor | H5: Comentário | I5: Valor
A25: TOTAL MENSAL | D25: =SUM(D6:D24) -> 0 | F25: TOTAL MENSAL | I25: =SUM(I6:I24) -> 0

Sheet 7
A2: Fluxo de Caixa | F2: Resultado Líquido | G2: =D25-I25 -> 0
A4: RECEITAS BRUTAS 07/2026 | F4: CUSTOS E DESPESAS 07/2026
A5: Item | B5: Cliente | C5: Comentário | D5: Valor | F5: Item | G5: Fornecedor | H5: Comentário | I5: Valor
A25: TOTAL MENSAL | D25: =SUM(D6:D24) -> 0 | F25: TOTAL MENSAL | I25: =SUM(I6:I24) -> 0

Sheet 8
A2: Fluxo de Caixa | F2: Resultado Líquido | G2: =D25-I25 -> 0
A4: RECEITAS BRUTAS 08/2026 | F4: CUSTOS E DESPESAS 08/2026
A5: Item | B5: Cliente | C5: Comentário | D5: Valor | F5: Item | G5: Fornecedor | H5: Comentário | I5: Valor
A25: TOTAL MENSAL | D25: =SUM(D6:D24) -> 0 | F25: TOTAL MENSAL | I25: =SUM(I6:I24) -> 0

Sheet 9
A2: Fluxo de Caixa | F2: Resultado Líquido | G2: =D25-I25 -> 0
A4: RECEITAS BRUTAS 09/2026 | F4: CUSTOS E DESPESAS 09/2026
A5: Item | B5: Cliente | C5: Comentário | D5: Valor | F5: Item | G5: Fornecedor | H5: Comentário | I5: Valor
A25: TOTAL MENSAL | D25: =SUM(D6:D24) -> 0 | F25: TOTAL MENSAL | I25: =SUM(I6:I24) -> 0

Sheet 10
A2: Fluxo de Caixa | F2: Resultado Líquido | G2: =D25-I25 -> 0
A4: RECEITAS BRUTAS 10/2026 | F4: CUSTOS E DESPESAS 10/2026
A5: Item | B5: Cliente | C5: Comentário | D5: Valor | F5: Item | G5: Fornecedor | H5: Comentário | I5: Valor
A25: TOTAL MENSAL | D25: =SUM(D6:D24) -> 0 | F25: TOTAL MENSAL | I25: =SUM(I6:I24) -> 0

Sheet 11
A2: Fluxo de Caixa | F2: Resultado Líquido | G2: =D25-I25 -> 0
A4: RECEITAS BRUTAS 11/2026 | F4: CUSTOS E DESPESAS 11/2026
A5: Item | B5: Cliente | C5: Comentário | D5: Valor | F5: Item | G5: Fornecedor | H5: Comentário | I5: Valor
A25: TOTAL MENSAL | D25: =SUM(D6:D24) -> 0 | F25: TOTAL MENSAL | I25: =SUM(I6:I24) -> 0

Sheet 12
A2: Fluxo de Caixa | F2: Resultado Líquido | G2: =D25-I25 -> 0
A4: RECEITAS BRUTAS 12/2026 | F4: CUSTOS E DESPESAS 12/2026
A5: Item | B5: Cliente | C5: Comentário | D5: Valor | F5: Item | G5: Fornecedor | H5: Comentário | I5: Valor
A25: TOTAL MENSAL | D25: =SUM(D6:D24) -> 0 | F25: TOTAL MENSAL | I25: =SUM(I6:I24) -> 0

Sheet Resumo
A2: Período | B2: Receitas | C2: Despesas | D2: Resultado | E2: Resultado acumulado
A3: 46023 | B3: ='1'!D25 -> 3480 | C3: ='1'!I25 -> 1467 | D3: =B3-C3 -> 2013 | E3: =D3 -> 2013
A4: 46054 | B4: ='2'!D25 -> 0 | C4: ='2'!I25 -> 0 | D4: =B4-C4 -> 0 | E4: =E3+D4 -> 2013
A5: 46082 | B5: ='3'!D25 -> 0 | C5: ='3'!I25 -> 0 | D5: =B5-C5 -> 0 | E5: =E4+D5 -> 2013
A6: 46113 | B6: ='4'!D25 -> 0 | C6: ='4'!I25 -> 0 | D6: =B6-C6 -> 0 | E6: =E5+D6 -> 2013
A7: 46143 | B7: ='5'!D25 -> 0 | C7: ='5'!I25 -> 0 | D7: =B7-C7 -> 0 | E7: =E6+D7 -> 2013
A8: 46174 | B8: ='6'!D25 -> 0 | C8: ='6'!I25 -> 0 | D8: =B8-C8 -> 0 | E8: =E7+D8 -> 2013
A9: 46204 | B9: ='7'!D25 -> 0 | C9: ='7'!I25 -> 0 | D9: =B9-C9 -> 0 | E9: =E8+D9 -> 2013
A10: 46235 | B10: ='8'!D25 -> 0 | C10: ='8'!I25 -> 0 | D10: =B10-C10 -> 0 | E10: =E9+D10 -> 2013
A11: 46266 | B11: ='9'!D25 -> 0 | C11: ='9'!I25 -> 0 | D11: =B11-C11 -> 0 | E11: =E10+D11 -> 2013
A12: 46296 | B12: ='10'!D25 -> 0 | C12: ='10'!I25 -> 0 | D12: =B12-C12 -> 0 | E12: =E11+D12 -> 2013
A13: 46327 | B13: ='11'!D25 -> 0 | C13: ='11'!I25 -> 0 | D13: =B13-C13 -> 0 | E13: =E12+D13 -> 2013
A14: 46357 | B14: ='12'!D25 -> 0 | C14: ='12'!I25 -> 0 | D14: =B14-C14 -> 0 | E14: =E13+D14 -> 2013
